 Dungeon Crawl Stone Soup version 0.28.0-53-g5a82cb258f (webtiles) character file.

Game seed: 9648441617287908203

95 Jerry the Chucker (level 4, -2/42 HPs)
             Began as a Troll Hunter on June 30, 2022.
             Was an Initiate of the Shining One.
             Slain by an iguana (11 damage)
             ... on level 3 of the Dungeon.
             The game lasted 00:09:34 (1972 turns).

Jerry the Chucker (Troll Hunter)                    Turns: 1972, Time: 00:09:36

Health: -2/42      AC:  4    Str: 20    XL:     4   Next: 39%
Magic:  3/3        EV: 10    Int: 13    God:    the Shining One [......]
Gold:   169        SH:  0    Dex: 12    Spells: 3/3 levels left

rFire   . . .      SeeInvis .   e - +0 whip
rCold   . . .      Faith    .   (no shield)
rNeg    . . .      Spirit   .   b - +0 robe
rPois   +          Reflect  .   (helmet restricted)
rElec   .          Harm     .   (no cloak)
rCorr   .          Rampage  .   (gloves unavailable)
Will    .....                   (boots unavailable)
Stlth   +.........              (no amulet)
HPRegen 0.94/turn               p - ring of poison resistance
MPRegen 0.08/turn               q - +6 ring of intelligence

@: glowing
A: large, unfitting armour, claws 3, regeneration 1, shaggy fur 1, tough skin 1
a: Renounce Religion


You were on level 3 of the Dungeon.
You worshipped the Shining One.
The Shining One was noncommittal.
You visited 1 branch of the dungeon, and saw 4 of its levels.

You collected 169 gold pieces.

Inventory:

Hand Weapons
 a - a +0 short sword
 e - a +0 whip (weapon)
Missiles
 c - 5 large rocks (quivered)
 d - 2 throwing nets
Armour
 b - a +0 robe (worn)
Jewellery
 g - a ring of wizardry
 p - a ring of poison resistance (left claw)
 q - a +6 ring of intelligence (right claw)
Scrolls
 f - a scroll of fog {unknown}
 h - 2 scrolls of identify {unknown}
 l - a scroll of acquirement {unknown}
 n - a scroll of vulnerability {unknown}
 r - a scroll of teleportation {unknown}
 s - a scroll of enchant weapon {unknown}
Potions
 i - a potion of haste {unknown}
 j - 2 potions of brilliance {unknown}
 k - a potion of berserk rage {unknown}
 m - a potion of invisibility {unknown}
 o - a potion of heal wounds {unknown}
 t - a potion of might {unknown}


   Skills:
 + Level 2.3 Fighting
 + Level 1.6 Maces & Flails
 + Level 4.1 Throwing
 + Level 2.3 Dodging
 - Level 0.4 Stealth


You had 3 spell levels left.
You didn't know any spells.
Your spell library contained the following spells:

 Spells                   Type           Power      Damage    Failure   Level
 Magic Dart               Conj           0%         1d3       30%         1
 Searing Ray              Conj           0%         2d4       43%         2
 Fulminant Prism          Conj/Hex       0%         3d6       97%         4


Dungeon Overview and Level Annotations

Branches:
Dungeon (4/15)
 Temple: D:4-7

Altars:
The Shining One

Shops:
D:1 !   D:2 !:[

Annotations:
D:3 1 runed translucent door, MajorAdolf's ghost, amateur NaWn


Innate Abilities, Weirdness & Mutations

You are too large for most types of armour.
You have claws for hands.
Your natural rate of healing is unusually fast.
You are covered in fur. (AC +1)
You have tough skin. (AC +1)


Message History

You are too injured to fight recklessly!
You are too injured to fight recklessly!
The iguana hisses menacingly.
There is a stone staircase leading up here.
You climb upwards.
Level annotation: 1 runed translucent door, MajorAdolf's ghost, amateur NaWn
There is a stone staircase leading down here.
You start resting.
HP restored.
You climb downwards.
The iguana bites you!
There is a stone staircase leading up, spattered with blood here.
The iguana barely misses you.
The water moccasin skeleton closely misses you.
You climb upwards.
Level annotation: 1 runed translucent door, MajorAdolf's ghost, amateur NaWn
There is a stone staircase leading down here.
You hit the iguana but do no damage. The iguana bites you!
You closely miss the iguana. The iguana barely misses you.
You closely miss the iguana.
The iguana bites you but does no damage.
The iguana barely misses you.
You closely miss the iguana. The iguana closely misses you.
You closely miss the iguana. The iguana closely misses you.
You barely miss the iguana. The iguana closely misses you.
You closely miss the iguana. The iguana bites you!
You barely miss the iguana. The iguana completely misses you.
You hit the iguana but do no damage. The iguana closely misses you.
You closely miss the iguana. The iguana bites you!
You barely miss the iguana. The iguana barely misses you.
You barely miss the iguana. The iguana closely misses you.
You hit the iguana but do no damage. Your claw misses the iguana.
The iguana bites you!
* * * LOW HITPOINT WARNING * * *
You hit the iguana.
The iguana is lightly wounded.
The iguana bites you but does no damage.
You hit the iguana.
The iguana is heavily wounded.
The iguana bites you!
You die...

####...##..#.#
##.........#.#
##.#...##..#.####
................#
...#......#####.#
########### #.#
############.###
#.......#....).#
#............@l##
#.......#.##....#
#...########....#
#...#....W#.....#
###...#!≈≈≈≈+....##
#.....#.....#....#
##.###########...##
#...####.#.##.####
#.#...##.#.##.#
#############


You could see an iguana.

Vanquished Creatures
  An orc wizard (D:3)
  An adder (D:2)
  2 worms (D:2)
  2 dart slugs
  4 orcs (D:3)
  3 endoplasms
  6 goblins
  2 hobgoblins (D:2)
  3 jackals (D:1)
  2 quokkas
  5 ball pythons
  4 bats
  A frilled lizard (D:2)
  8 kobolds
  3 rats
47 creatures vanquished.

Notes
Turn   | Place    | Note
-------+----------+-------------------------------------------
     0 | D:1      | Jerry the Troll Hunter began the quest for the Orb.
     0 | D:1      | Reached XP level 1. HP: 19/19 MP: 0/0
    34 | D:1      | Found Manazxum's Distillery.
   101 | D:1      | You fall into a shaft and drop 1 floor!
   158 | D:1      | Reached XP level 2. HP: 24/28 MP: 1/1
   493 | D:2      | Found a faded altar of an unknown god.
   594 | D:2      | Found Leont's Book Emporium.
   639 | D:2      | Reached skill level 1 in Maces & Flails
   639 | D:2      | Reached XP level 3. HP: 27/35 MP: 2/2
   796 | D:2      | Found Hurroll's Armour Shop.
   870 | D:2      | Found Razxeoxt's Distillery.
  1124 | D:3      | Reached skill level 4 in Throwing
  1196 | D:3      | Reached XP level 4. HP: 26/42 MP: 3/3
  1298 | D:3      | Found a glowing golden altar of the Shining One.
  1425 | D:3      | Became a worshipper of the Shining One
  1506 | D:3      | Found a runed translucent door.
  1506 | D:3      | Noticed MajorAdolf's ghost (amateur NaWn)
  1972 | D:3      | Slain by an iguana

Illustrated notes

Levels and vault maps discovered:
D:1:      dpeg_arrival_more_subterranean_lakeside_camping, layout_basic,
          serial_shops, shop
D:2:      layout_basic, chequers_ecumenical_altar_island, serial_shops, shop,
          shop, shop
D:3:      layout_loops_cross, mainiacjoe_overflow_surrounded_room,
          ebering_ghost_reflecting_pool
D:4:      layout_basic, serial_shops, shop, minmay_checkerbox, uniq_pikel

Skill      XL: |  1  2  3 |
---------------+----------+-----
Dodging        | 2 |  2.3
Fighting       | 2 |  2.3
Maces & Flails | 1 |  1.6
Throwing       | 4 |  4.1
Stealth        | |  0.4

Action                   |  1- 3 |  4- 6 || total
-------------------------+-------+-------++-------
Melee: Unarmed           |   154 |    11 ||   165
       Whip              |       |    29 ||    29
Throw: Large rock        |     1 |       ||     1
 Stab: Sleeping          |     1 |       ||     1
Armor: Robe              |    49 |     9 ||    58
Dodge: Dodged            |    68 |    27 ||    95
